 Dungeon Crawl Stone Soup version 0.30.0-5-g1a98f26d00 (webtiles) character file.

Game seed: 15439490440824947871

33 GloriousHammer the Sneak (level 3, -1/19 HPs)
             Began as a Tengu Enchanter on May 9, 2023.
             Succumbed to an adder's poison
             ... on level 2 of the Dungeon.
             The game lasted 00:02:23 (962 turns).

GloriousHammer the Sneak (Tengu Enchanter)           Turns: 962, Time: 00:02:25

Health: -1/19      AC:  2    Str:  8    XL:     3   Next: 29%
Magic:  7/7        EV: 12    Int: 17    God:
Gold:   93         SH:  0    Dex: 14    Spells: 6/6 levels left

rFire   . . .        a - +1 dagger
rCold   . . .        (no shield)
rNeg    . . .        e - +0 robe
rPois   .            (helmet restricted)
rElec   .            (no cloak)
rCorr   .            (no gloves)
SInv    .            (boots unavailable)
Will    .....        (no amulet)
Stlth   ++           (no ring)
HPRegen 0.23/turn    (no ring)
MPRegen 0.10/turn

%: no passive effects
@: lethally poisoned (-1 -> -12)
A: beak, talons 3
a: no special abilities


You were on level 2 of the Dungeon.
You visited 1 branch of the dungeon, and saw 2 of its levels.

You collected 93 gold pieces.

Inventory:

Hand Weapons
 a - a +1 dagger (weapon)
 b - a +0 sling
Armour
 e - a +0 robe (worn)
Scrolls
 d - a scroll of acquirement {unknown}
 g - a scroll of noise {unknown}
 h - a scroll of identify {unknown}
Potions
 c - a potion of invisibility
 f - a potion of curing {unknown}
 i - a potion of magic {unknown}


   Skills:
 - Level 1.6 Short Blades
 + Level 2.6 Dodging
 + Level 3.2 Stealth
 + Level 2.2 Spellcasting
 * Level 2.6 Hexes


You had 6 spell levels left.
You didn't know any spells.
Your spell library contained the following spells:

 Spells                   Type           Power      Damage    Failure   Level
 Ensorcelled Hibernation  Hex/Ice        12%        N/A       17%         2
 Confusing Touch          Hex            10%        N/A       21%         3
 Tukima's Dance           Hex            10%        N/A       21%         3
 Dazzling Flash           Conj/Hex       12%        N/A       32%         3
 Cause Fear               Hex            5%         N/A       54%         4
 Anguish                  Hex/Necr       3%         N/A       73%         4
 Enfeeble                 Hex            5%         N/A       100%        7


Dungeon Overview and Level Annotations

Branches:
Dungeon (2/15)

Altars:


Innate Abilities, Weirdness & Mutations

You have a beak for a mouth.
You have claws for feet.


Message History

You shoot a sling bullet.
The sling bullet closely misses the jackal.
The jackal barks!
You shoot a sling bullet.
The sling bullet barely misses the jackal.
No target in view!
You shoot a sling bullet.
The sling bullet closely misses the jackal.
The jackal bites you. The jackal closely misses you.
a - a +1 dagger (weapon)
The jackal closely misses you.
You hit the jackal. Your kick misses the jackal.
The jackal is moderately wounded.
The jackal closely misses you.
You barely miss the jackal.
The jackal is moderately wounded.
The jackal misses you.
You hit the jackal.
You kill the jackal!
b - a +0 sling (weapon)
You start resting.
HP restored.
A jackal comes into view.
You shoot a sling bullet.
The sling bullet closely misses the jackal.
The jackal barks!
You hear a bark!
A jackal comes into view.
You shoot a sling bullet.
The sling bullet closely misses the jackal.
The jackal barely misses you. The jackal bites you.
a - a +1 dagger (weapon)
The jackal bites you.
You hit the jackal. Your peck misses the jackal.
The jackal is heavily wounded.
The jackal misses you.
You hit the jackal. You peck the jackal, but do no damage.
The jackal is severely wounded.
The jackal barely misses you.
You hit the jackal.
You kill the jackal!
You barely miss the jackal. You claw the jackal, but do no damage.
The jackal bites you.
You closely miss the jackal. The jackal barely misses you. x2
You closely miss the jackal. Your kick misses the jackal. You peck the jackal.
The jackal is moderately wounded.
The jackal barely misses you.
You closely miss the jackal.
The jackal is moderately wounded.
The jackal misses you.
You hit the jackal but do no damage. Your peck misses the jackal.
The jackal is moderately wounded.
The jackal bites you. x2
You closely miss the jackal. Your peck misses the jackal.
The jackal is moderately wounded.
The jackal bites you.
You hit the jackal. You claw the jackal.
You kill the jackal!
You start resting.
HP restored.
You start waiting.
Done waiting.
You see here a rat skeleton.
Found 2 stones.
You see here 2 stones.
A kobold comes into view. It is wielding a +0 short sword.
A kobold is nearby!
b - a +0 sling (weapon)
You shoot a sling bullet. The sling bullet hits the kobold.
The kobold is moderately wounded.
You shoot a sling bullet. The sling bullet hits the kobold.
You kill the kobold!
No target in view!
No target in view!
Things that are here:
a +0 short sword; 4 stones; a kobold corpse You see here 8 stones.
As you open the door, it creaks loudly!
There is an open door here.
There is a staircase leading out of the dungeon here.
There is an open door here.
You pick up a book of Hexes and begin reading...
You add the spells Anguish, Cause Fear and Enfeeble to your library.
Done exploring.
Done exploring.
Done exploring.
Done exploring.
Search for what [Enter for "."]? .
Done exploring.
(D) Dungeon
Where to? (Enter - D:1 @ (x,y), ? - help)
You see here a +0 tower shield.
There is a stone staircase leading down here.
You climb downwards.
There is a stone staircase leading up here.
A frilled lizard comes into view.
Found a stone staircase leading down.
You shoot a sling bullet.
The sling bullet hits the frilled lizard.
You kill the frilled lizard!
A giant cockroach comes into view.
You shoot a sling bullet.
The sling bullet hits the giant cockroach.
The giant cockroach is severely wounded.
You shoot a sling bullet.
The sling bullet closely misses the giant cockroach.
The giant cockroach barely misses you.
You shoot a sling bullet.
The sling bullet hits the giant cockroach but does no damage.
The giant cockroach is severely wounded.
The giant cockroach barely misses you.
The giant cockroach waves its antennae.
The giant cockroach bites you.
You shoot a sling bullet.
The sling bullet barely misses the giant cockroach.
The giant cockroach bites you but does no damage. x2
You shoot a sling bullet.
The sling bullet hits the giant cockroach but does no damage.
The giant cockroach is severely wounded.
The giant cockroach barely misses you.
The giant cockroach completely misses you.
You shoot a sling bullet.
The sling bullet closely misses the giant cockroach.
The giant cockroach completely misses you.
You shoot a sling bullet.
The sling bullet hits the giant cockroach.
The giant cockroach is almost dead.
The giant cockroach bites you. The giant cockroach misses you.
You shoot a sling bullet.
The sling bullet hits the giant cockroach.
You kill the giant cockroach!
HP restored.
You open the door.
There is an open door here.
i - a green potion You open the door.
A bat comes into view.
The bat moves out of view.
There is an open door here.
You shoot a sling bullet.
The sling bullet closely misses the bat.
The bat hits you but does no damage. The bat misses you.
You shoot a sling bullet. The sling bullet barely misses the bat.
The bat hits you but does no damage. The bat barely misses you.
The bat hits you but does no damage.
You shoot a sling bullet.
The sling bullet closely misses the bat.
The bat closely misses you.
You shoot a sling bullet. The sling bullet barely misses the bat.
The bat misses you. The bat closely misses you. The bat hits you.
You shoot a sling bullet. The sling bullet misses the bat.
The bat misses you.
You shoot a sling bullet. The sling bullet barely misses the bat.
The bat hits you but does no damage.
You shoot a sling bullet. The sling bullet barely misses the bat.
The bat closely misses you. The bat barely misses you.
You shoot a sling bullet. The sling bullet barely misses the bat.
The bat hits you but does no damage. The bat barely misses you.
You shoot a sling bullet. The sling bullet hits the bat.
The bat is moderately wounded.
The bat closely misses you.
You shoot a sling bullet. The sling bullet hits the bat.
You kill the bat!
No target in view!
Found a helmet.
An adder comes into view.
You shoot a sling bullet.
The sling bullet closely misses the adder.
You shoot a sling bullet. The sling bullet hits the adder.
The adder is moderately wounded.
a - a +1 dagger (weapon)
The adder bites you.
You hit the adder but do no damage.
The adder is moderately wounded.
The adder closely misses you.
You miss the adder. You claw the adder. You peck the adder, but do no damage.
The adder is heavily wounded.
The adder bites you.
You are poisoned.
The adder poisons you!
You completely miss the adder. You claw the adder.
The adder is almost dead.
You feel sick. The adder bites you.
You are more poisoned.
The adder poisons you!
You closely miss the adder. Your kick misses the adder.
Your peck misses the adder.
The adder is almost dead.
You feel sick. The adder bites you.
You are more poisoned.
The adder poisons you!
Unknown command.
You barely miss the adder.
The adder is almost dead.
* * * LOW HITPOINT WARNING * * *
You feel very sick. The adder bites you.
* * * LOW HITPOINT WARNING * * *
The adder closely misses you.
You hit the adder.
You kill the adder!
You die...

.#######..........
..................
######............
#.......#####
#.......#
#.......#
#..[....#
#.......#
#..@....###
#..........
#..........
#..........
###........
#........
#........
#........
#........


There were no monsters in sight!

Vanquished Creatures
  An adder (D:2)
  A dart slug (D:1)
  6 bats
  A giant cockroach (D:2)
  A goblin (D:1)
  5 hobgoblins (D:1)
  3 jackals (D:1)
  2 ball pythons (D:1)
  2 frilled lizards
  5 kobolds (D:1)
  2 rats (D:1)
29 creatures vanquished.

Notes
Turn   | Place    | Note
-------+----------+-------------------------------------------
     0 | D:1      | GloriousHammer the Tengu Enchanter began the quest for the
                  | Orb.
     0 | D:1      | Reached XP level 1. HP: 10/10 MP: 4/4
   281 | D:1      | Reached XP level 2. HP: 11/15 MP: 6/6
   488 | D:1      | Reached XP level 3. HP: 19/19 MP: 7/7
   962 | D:2      | Succumbed to an adder's poison

Illustrated notes

Levels and vault maps discovered:
D:1:      nzn_arrival_crosshair, layout_rooms, serial_bayou_pond_d
D:2:      layout_basic, uniq_jessica

Action                     || total
---------------------------++-------
  Melee: Dagger            ||    66
         Peck              ||    11
         Kick              ||    15
   Fire: Sling             ||    39
    Use: Potion            ||     1
   Stab: Sleeping          ||     2
 Armour: Robe              ||    18
  Dodge: Dodged            ||    74
